AoeStats
← 香辣小鲨鱼

Coastal Forest

503122022Analyzed
4v4 RM · 1mo ago on Aug 30, 2026· 42m 44s· 8 players
Game mode
Random Map
Map size
Large (8 player)
Population
200
Speed
Normal
Resources
Standard
Victory
Conquest
Starting age
Dark Age
Ending age
Imperial Age
RankedLock teamsTeams togetherTeam positionsShared explorationLock speedFull tech treeHidden civsTurbo modeCheats
Victory
Defeat
🇫🇷 Persians · France
979
+16
🇺🇸 Japanese · United States
920
+19
🇦🇷 Franks · Argentina
846
+22
🇨🇳 Bengalis · China
845
+22
🇨🇳 Celts · China
1054
-23
🇹🇼 Shu · Taiwan
969
-19
🇨🇳 Goths · China
950
-18
🇨🇳 Portuguese · China
944
-18
香辣小鲨鱼
5:43 Loom
13:03 Feudal Age
20:56 Gold Mining
26:50 Double-Bit Axe
28:04 Town Watch
33:12 Stone Mining
NaCl
12:38 Feudal Age
11:56 Loom
19:50 Wheelbarrow
22:18 Castle Age
21:00 Double-Bit Axe
22:19 Fletching
22:22 Crossbowman
23:05 Bodkin Arrow
23:11 Padded Archer Armor
38:05 Imperial Age
38:15 Hand Cart
39:04 Arbalester
40:10 Ballistics
42:28 Bracer
42:44 Leather Archer Armor
Y
10:13 Feudal Age
13:52 Castle Age
12:24 Double-Bit Axe
16:08 Wheelbarrow
21:56 Gold Mining
31:00 Imperial Age
29:22 Bow Saw
29:01 Loom
29:22 Murder Holes
29:49 Horse Collar
30:39 Scale Mail Armor
32:05 Conscription
32:05 Chain Mail Armor
33:32 Ballistics
33:38 Treadmill Crane
1847373944
11:09 Feudal Age
11:45 Double-Bit Axe
12:54 Loom
15:41 Castle Age
18:41 Wheelbarrow
24:37 Fletching
25:26 Hand Cart
24:53 Horse Collar
26:52 Gold Mining
28:27 Bow Saw
28:30 Heavy Plow
33:33 Imperial Age
31:40 Circumnavigation
33:03 Ballistics
34:22 Bloodlines
34:13 Husbandry
33:34 Light Cavalry
35:09 Conscription
34:10 Elite Organ Gun
36:05 Crop Rotation
36:38 Two-Man Saw
38:53 Arquebus
39:57 Forging
39:52 Scale Barding Armor
LJF_
1:47 Loom
12:19 Feudal Age
12:29 Man-at-Arms
13:43 Arson
15:10 Forging
15:01 Scale Mail Armor
22:47 Castle Age
20:58 Horse Collar
21:23 Double-Bit Axe
22:53 Long Swordsman
24:03 Chain Mail Armor
23:56 Gambesons
24:13 Squires
25:58 Bow Saw
27:24 Wheelbarrow
34:05 Hand Cart
34:53 Iron Casting
41:56 Imperial Age
43:46 Hoardings
43:34 Kataparuto
M4PUCH3
9:11 Loom
10:57 Feudal Age
9:14 Loom
12:01 Double-Bit Axe
21:40 Castle Age
19:34 Gold Mining
21:00 Bloodlines
23:27 Bow Saw
23:26 Horse Collar
25:13 Husbandry
25:59 Wheelbarrow
27:35 Gold Shaft Mining
27:43 Forging
27:39 Scale Barding Armor
27:51 Town Watch
28:25 Hand Cart
31:18 Chain Barding Armor
31:34 Iron Casting
33:46 Heavy Plow
34:34 Fletching
38:45 Imperial Age
36:19 Padded Archer Armor
36:15 Bodkin Arrow
40:44 Crop Rotation
41:16 Two-Man Saw
39:42 Cavalier
42:18 Blast Furnace
CaroDaddy
1:56 Loom
10:47 Feudal Age
11:52 Double-Bit Axe
13:28 Town Watch
15:05 Scale Barding Armor
17:02 Scale Mail Armor
17:52 Gold Mining
19:28 Wheelbarrow
22:54 Castle Age
21:06 Stone Mining
25:30 Husbandry
27:27 Chain Mail Armor
27:32 Bow Saw
27:39 Fletching
29:34 Hand Cart
32:32 Chain Barding Armor
39:14 Imperial Age
38:18 Bodkin Arrow
40:39 Cavalier
42:15 Plate Barding Armor
41:57 Padded Archer Armor
42:34 Plate Mail Armor
43:13 Gold Shaft Mining
LLHKHAIHDIUA
2:49 Loom
11:22 Feudal Age
11:55 Double-Bit Axe
12:42 Horse Collar
20:30 Castle Age
19:40 Gold Mining
20:05 Forging
20:05 Stone Mining
21:12 Wheelbarrow
20:45 Scale Barding Armor
21:44 Bow Saw
21:38 Fishing Lines
23:14 Gold Shaft Mining
24:36 Hand Cart
30:55 Imperial Age
29:50 Bloodlines
29:41 Husbandry
30:23 Iron Casting
30:09 Chain Barding Armor
31:20 Squires
31:06 Arson
30:42 Pikeman
31:15 Town Watch
33:38 Two-Man Saw
35:33 Blast Furnace
34:50 Paiks
35:07 Conscription
35:11 Mahayana
35:43 Heavy Plow
38:21 Town Patrol
38:57 Plate Barding Armor
38:59 Halberdier
39:13 Elite Battle Elephant
40:35 Crop Rotation
42:40 Fortified Wall
42:12 Treadmill Crane
42:54 Ballistics
43:35 Chemistry
42:32 Murder Holes
42:41 Caravan
Connection lost

Rejoining the realm…

Still unreachable

The connection could not be restored.

Session expired

The server has moved on; the page needs a fresh start.